 Dungeon Crawl Stone Soup version 0.19.0-16-g73b5abf (webtiles) character file.

9 Banto the Vexing (level 2, -3/11 HPs)
             Began as a Felid Enchanter on Nov 11, 2016.
             Slain by a kobold
             ... wielding a +0 short sword
              (5 damage)
             ... on level 1 of the Dungeon.
             The game lasted 00:00:51 (449 turns).

Banto the Vexing (Felid Enchanter)                   Turns: 449, Time: 00:00:51

Health: -3/11      AC:  1    Str:  4    XL:     2   Next: 3%
Magic:  5/6        EV: 18    Int: 16    God:
Gold:   44         SH:  0    Dex: 16    Spells: 1 memorised, 4 levels left
                                        Lives:  0   Deaths: 0

rFire  . . .     SeeInvis +       - Unarmed
rCold  . . .     Gourm    .     (armour unavailable)
rNeg   . . .     Faith    +     (shield unavailable)
rPois  .         Spirit   .     (helmet unavailable)
rElec  .         Reflect  .     (cloak unavailable)
rCorr  .         Harm     .     (gloves unavailable)
MR     .....                    (boots unavailable)
Stlth  +++.......               e - amulet of faith
                                (no ring)
                                (no ring)

@: quick
A: no armour, no weapons or thrown items, stealth, claws 1, fangs 3, see
invisible, carnivore 3, speed 1, shaggy fur 1, slow metabolism 1, sharp paws
a: no special abilities


You were on level 1 of the Dungeon.
You were very full.

You visited 1 branch of the dungeon, and saw 1 of its levels.

You collected 44 gold pieces.

Inventory:

Jewellery
 e - an amulet of faith (around neck)
Books
 a - a book of Maledictions

   Spells                             Type                      Level
   a - Corona                         Hexes                        1
   b - Ensorcelled Hibernation        Hexes/Ice                    2
   c - Confuse                        Hexes                        3
   d - Tukima's Dance                 Hexes                        3
   e - Dazzling Spray                 Conjuration/Hexes            3
Comestibles
 b - 2 meat rations


   Skills:
 - Level 2.8 Dodging
 + Level 4.1 Stealth
 + Level 1.1 Unarmed Combat
 - Level 2.1 Spellcasting
 - Level 4.8 Hexes


You had 4 spell levels left.
You knew the following spells:

 Your Spells              Type           Power        Failure   Level  Hunger
a - Corona                Hex            ###....      3%          1    #......


Dungeon Overview and Level Annotations

Branches:
Dungeon (1/15)

Altars:


Innate Abilities, Weirdness & Mutations

You cannot wear armour.
You are incapable of wielding weapons or throwing items.
Your paws allow you to move quietly. (Stealth)
You have sharp claws.
You have razor-sharp teeth.
You have supernaturally acute eyesight. (SInv)
You are carnivorous and can eat meat at any time.
You cover ground quickly.
You are covered in fur. (AC +1)
You have a slow metabolism.
Your sharp claws are effective at attacking unaware monsters.


Message History

Confirm with . or Enter, or press ? or * to list all spells.
Aiming: Corona
Press: ? - help, Shift-Dir - straight line, f - kobold
Aim: a kobold, wielding a short sword (chance to defeat MR: 71%)
The kobold is outlined in light.
The kobold misses you.
You now have 5/6 mp.
You barely miss the kobold. The kobold completely misses you.
You closely miss the kobold. The kobold hits you with a short sword.
You take 4 damage, and have 7/11 hp.
MASSIVE DAMAGE!!
You scratch the kobold.
The kobold is moderately wounded.
The kobold hits you with a short sword.
* * * LOW HITPOINT WARNING * * *
You take 5 damage, and have 2/11 hp.
MASSIVE DAMAGE!!
You are too injured to fight recklessly!
You swing at nothing.
The kobold stops glowing.
You scratch the kobold but do no damage.
The kobold is moderately wounded.
The kobold hits you with a short sword.
You die...

#############.8..
#.......#####....
#........).......
#######.####..... #.#
##..#..
#####.###......
#######............##
#.................##
#.##@.###.........#
##.#K.## #.........#
#....## #.........# #
#.......###
#############
#......## #..........
....... #.........#
....... #..........
.!..... #........)#
....... #.........#


You could see a kobold.

Vanquished Creatures
  A goblin (D:1)
  3 hobgoblins (D:1)
  A kobold (D:1)
  2 frilled lizards (D:1)
  A rat (D:1)
8 creatures vanquished.

Notes
Turn   | Place    | Note
-------+----------+-------------------------------------------
     0 | D:1      | Banto the Felid Enchanter began the quest for the Orb.
     0 | D:1      | Reached XP level 1. HP: 7/7 MP: 4/4
   392 | D:1      | Reached XP level 2. HP: 10/11 MP: 3/6
   449 | D:1      | Slain by a kobold

Action                   || total
-------------------------++-------
Melee: Unarmed           ||    27
       Bite              ||     3
 Cast: Corona            ||     7
  Use: Scroll            ||     2
 Stab: Sleeping          ||     2
  Eat: Chunk             ||     6
Dodge: Dodged            ||    22

Table legend:
 A = Turns spent in this place as a percentage of turns spent in the entire game.
 B = Non-inter-level travel turns spent in this place as a percentage of non-inter-level travel turns spent in the entire game.
 C = Inter-level travel turns spent in this place as a percentage of turns spent in this place.
 D = Turns resting spent in this place as a percentage of non-inter-level travel turns spent in this place.
 E = Turns spent auto-exploring this place as a percentage of non-inter-level travel turns spent in this place.
 F = Non-inter-level travel turns spent in this place divided by the number of levels of this place that you've seen.
                   A       B       C       D       E      F
               +-------+-------+-------+-------+-------+----------------------
         Total | 100.0 | 100.0 |   0.0 |   5.4 |   7.7 | 130.0
       Dungeon | 100.0 | 100.0 |   0.0 |   5.4 |   7.7 | 130.0
               +-------+-------+-------+-------+-------+----------------------

Table legend:
 A = Kills in this place as a percentage of kills in entire the game.
 B = Kills by you in this place as a percentage of kills by you in the entire game.
 C = Kills by friends in this place as a percentage of kills by friends in the entire game.
 D = Other kills in this place as a percentage of other kills in the entire game.
 E = Experience gained in this place as a percentage of experience gained in the entire game.
 F = Experience gained in this place divided by the number of levels of this place that you have seen.
                   A       B       C       D       E      F
               +-------+-------+-------+-------+-------+----------------------
         Total | 100.0 | 100.0 |  -nan |  -nan | 100.0 |  13.0
       Dungeon | 100.0 | 100.0 |  -nan |  -nan | 100.0 |  13.0
               +-------+-------+-------+-------+-------+----------------------
